 Dungeon Crawl Stone Soup version 0.31-a0-543-geaa9c7a2c0 (webtiles) character file.

Game seed: 17476851201005749151

2164 GordonOverkill the Magician (level 9, -6/21 (45) HPs)
             Began as a Vine Stalker Delver on Aug 15, 2023.
             Was a Believer of Vehumet.
             Mangled by a two-headed ogre
             ... wielding a +0 dire flail
              (14 damage)
             ... on level 8 of the Dungeon.
             The game lasted 00:13:26 (7479 turns).

GordonOverkill the Magician (Vine Stalker Delver)   Turns: 7479, Time: 00:13:27

HP:   -6/21 (45)    AC:  4    Str: 15    XL:     9   Next: 32%
MP:   0/20          EV: 11    Int: 14    God:    Vehumet [**....]
Gold: 371           SH:  0    Dex: 16    Spells: 20/22 levels left

rFire   . . .        a - +0 short sword
rCold   . . .        (no shield)
rNeg    . . .        b - +0 leather armour
rPois   .            (no helmet)
rElec   .            (no cloak)
rCorr   .            i - +0 pair of gloves
SInv    .            (no boots)
Will    +....        (no amulet)
Stlth   +++          (no ring)
HPRegen 1.03/turn    (no ring)
MPRegen 0.17/turn

%: guardian spirit
@: extremely drained
A: fangs 3, regeneration 1, magic shield, antimagic bite, no potion heal 2
a: Renounce Religion


You were on level 8 of the Dungeon.
You worshipped Vehumet.
Vehumet was pleased with you.
You visited 2 branches of the dungeon, and saw 9 of its levels.

You collected 371 gold pieces.

Inventory:

Hand Weapons
 a - a +0 short sword (weapon)
Missiles
 D - a throwing net
Armour
 b - a +0 leather armour (worn)
 i - a +0 pair of gloves (worn)
Magical Staves
 j - a staff of poison
Jewellery
 n - a ring of fire
 u - an amulet of the acrobat
Wands
 e - a wand of mindburst (18)
 g - a wand of digging (1)
 q - a wand of polymorph (13)
 v - a wand of quicksilver (4)
Scrolls
 c - a scroll of fog
 d - a scroll of revelation
 h - a scroll of enchant armour
 m - 2 scrolls of amnesia
 o - a scroll of fear
 p - a scroll of teleportation
 r - a scroll of immolation
 w - 2 scrolls of vulnerability
 y - a scroll of enchant weapon
 z - a scroll of butterflies
Potions
 f - a potion of haste
 k - 2 potions of heal wounds {unknown}
 l - 4 potions of lignification {unknown}
 s - a potion of magic {unknown}
 t - a potion of ambrosia {unknown}
 x - 2 potions of cancellation {unknown}
 A - a potion of curing
 B - 3 potions of berserk rage {unknown}
 C - a potion of resistance


   Skills:
 - Level 4.0 Fighting
 - Level 3.0 Short Blades
 - Level 1.5 Dodging
 - Level 6.0 Stealth
 - Level 7.0 Spellcasting
 + Level 6.1 Conjurations
 - Level 2.0 Necromancy
 - Level 5.0 Evocations


You had 20 spell levels left.
You knew the following spells:

 Your Spells              Type           Power      Damage    Failure   Level
a - Kiss of Death         Conj/Necr      64%        2d10      3%          1
b - Magic Dart            Conj           88%        1d7       1%          1

Your spell library contained the following spells:

 Spells                   Type           Power      Damage    Failure   Level
 Searing Ray              Conj           44%        2d6       2%          2
 Momentum Strike          Conj/Tloc      26%        3d8       8%          2
 Summon Small Mammal      Summ           16%        N/A       17%         1
 Blink                    Tloc           8%         N/A       26%         2
 Lesser Beckoning         Tloc           8%         N/A       26%         2
 Call Canine Familiar     Summ           4%         N/A       45%         3
 Summon Guardian Golem    Hex/Summ       4%         N/A       45%         3


Dungeon Overview and Level Annotations

Branches:
Dungeon (8/15)             Temple (1/1) D:4
   Lair: D:8-11

Altars:
Ashenzari
Cheibriados
Dithmenos
Elyvilon
Fedhas
Gozag
Hepliaklqana
Kikubaaqudgha
Makhleb
Nemelex Xobeh
Okawaru
Qazlal
Ru
Sif Muna
Trog
Uskayaw
Vehumet
Wu Jian
Xom
Yredelemnul
Zin
The Shining One

Shops:
D:7 ((*

Annotations:
D:6 2 transporters, iasek's ghost, novice MiFi


Innate Abilities, Weirdness & Mutations

You have razor-sharp teeth.
Your natural rate of healing is unusually fast.
When hurt, damage is shared between your health and your magic reserves.
Your bite disrupts and absorbs the magic of your enemies.
Potions cannot restore your health.


Message History

The bolt of dispelling energy hits the goblin!!
You kill the goblin!
Vehumet accepts your kill.
The bolt of dispelling energy hits the kobold brigand!!
You kill the kobold brigand!
Vehumet accepts your kill.
You feel your power returning.
The bolt of dispelling energy hits the goblin!
You kill the goblin!
Vehumet accepts your kill.
You feel your power returning.
Your Conjurations skill increases to level 6!
Aiming: Quicksilver Bolt
Press: ? - help, Shift-Dir - straight line, f - two-headed ogre
Aim: a two-headed ogre, wielding a +0 dire flail and a +0 giant club (88% to hit)
The bolt of dispelling energy hits the two-headed ogre!
The two-headed ogre is moderately wounded.
The two-headed ogre hits you with a +0 dire flail.
* * * LOW HITPOINT WARNING * * *
The two-headed ogre hits you with a +0 giant club!
* * * LOW HITPOINT WARNING * * *
Aiming: Quicksilver Bolt
Press: ? - help, Shift-Dir - straight line, f/p - two-headed ogre
Aim: a two-headed ogre, wielding a +0 dire flail and a +0 giant club (moderately wounded, 88% to hit)
The bolt of dispelling energy misses the two-headed ogre.
The two-headed ogre barely misses you. x2
Aiming: Quicksilver Bolt
Press: ? - help, Shift-Dir - straight line, f/p - two-headed ogre
Aim: a two-headed ogre, wielding a +0 dire flail and a +0 giant club (moderately wounded, 88% to hit)
The bolt of dispelling energy hits the two-headed ogre!!
The two-headed ogre is severely wounded.
Aiming: Quicksilver Bolt
Press: ? - help, Shift-Dir - straight line, f/p - two-headed ogre
Aim: a two-headed ogre, wielding a +0 dire flail and a +0 giant club (severely wounded, 88% to hit)
The bolt of dispelling energy hits the two-headed ogre!
The two-headed ogre is almost dead.
You hear a shout!
The two-headed ogre hits you with a +0 dire flail!!
Ouch! That really hurt!
You die...

........ ....... .....# #
.....# .# .....####.#
..........###.
############...<......
###....@O†).)).)#...###.
#....##########..##.#
####..)####### #.# ..#
##########......... .... ...
#..........##.########.......
#.............# ####.#.
#..........#...>.# ...
####...#####..#.. ##..## #.#


You could see a two-headed ogre.

Vanquished Creatures
  A human (D:4)
  Menkaure (D:6)
  A water moccasin (D:6)
  3 sky beasts
  2 ogres (D:5)
  4 centaurs
  A kobold brigand (D:8)
  2 bullfrogs
  2 scorpions
  A howler monkey (D:6)
  2 hounds
  3 jellies
  A gnoll bouda (D:7)
  4 orc priests
  A sleepcap (D:4)
  Natasha (D:2)
  3 orc wizards
  8 gnolls
  8 adders
  2 white imps (D:6)
  A worm (D:3)
  3 dart slugs
  14 orcs
  4 endoplasms
  6 giant cockroaches
  6 hobgoblins
  5 kobolds
  6 quokkas
  5 ball pythons
  2 bats
  6 frilled lizards
  7 goblins
  A jackal zombie (D:4)
  A kobold skeleton (D:4)
  A rat (D:2)
119 creatures vanquished.

Notes
Turn   | Place    | Note
-------+----------+-------------------------------------------
     0 | D:5      | GordonOverkill the Vine Stalker Delver began the quest for
                  | the Orb.
     0 | D:5      | Reached XP level 1. HP: 11/11 MP: 2/2
    29 | D:6      | Noticed a jelly
    99 | D:5      | Reached XP level 2. HP: 16/16 MP: 3/3
   206 | D:4      | Found a staircase to the Ecumenical Temple.
   234 | Temple   | Entered the Ecumenical Temple
   240 | Temple   | Became a worshipper of Vehumet
   316 | D:4      | Reached XP level 3. HP: 20/20 MP: 4/4
   370 | D:3      | Found a shadowy altar of Dithmenos.
   589 | D:3      | Found a snail-covered altar of Cheibriados.
   591 | D:3      | Reached skill level 1 in Spellcasting
   761 | D:1      | Gained mutation: Your natural rate of healing is unusually
                  | fast. [Vine Stalker growth]
   761 | D:1      | Reached XP level 4. HP: 24/24 MP: 7/7
   825 | D:1      | Reached skill level 2 in Spellcasting
  1401 | D:2      | Identified the +1 scale mail of the Distant Future {-Tele
                  | rElec rCorr Str+5}
  1459 | D:2      | Reached * piety under Vehumet
  1459 | D:2      | Offered knowledge of Kiss of Death by Vehumet.
  1462 | D:2      | Learned a level 1 spell: Kiss of Death
  1490 | D:2      | Found a faded altar of an unknown god.
  1585 | D:2      | Noticed Natasha
  1596 | D:2      | Killed Natasha
  1597 | D:2      | Reached skill level 3 in Spellcasting
  1597 | D:2      | Reached XP level 5. HP: 26/28 MP: 7/10
  2096 | D:3      | Reached skill level 1 in Conjurations
  2096 | D:3      | Reached skill level 1 in Necromancy
  2176 | D:3      | Found a glowing silver altar of Zin.
  2979 | D:4      | Found a runed translucent door.
  2979 | D:4      | Noticed a human
  2981 | D:4      | Found a basalt altar of Yredelemnul.
  3011 | D:4      | Killed a human
  3012 | D:4      | Reached skill level 4 in Spellcasting
  3012 | D:4      | Reached skill level 1 in Evocations
  3012 | D:4      | Reached XP level 6. HP: 16/32 MP: 5/13
  3771 | D:5      | Reached XP level 7. HP: 2/13 MP: 10/14
  3960 | D:5      | Found a blossoming altar of Fedhas.
  3968 | D:5      | Reached skill level 5 in Spellcasting
  4197 | D:5      | Reached ** piety under Vehumet
  4197 | D:5      | Offered knowledge of Magic Dart by Vehumet.
  4201 | D:5      | Learned a level 1 spell: Magic Dart
  4417 | D:6      | Found a transporter.
  4420 | D:6      | Noticed a two-headed ogre
  4421 | D:6      | Found a transporter.
  4421 | D:6      | Noticed iasek's ghost (novice MiFi)
  4539 | D:6      | Gained mutation: You have razor-sharp teeth. [Vine Stalker
                  | growth]
  4539 | D:6      | Reached XP level 8. HP: 33/35 MP: 9/16
  4605 | D:6      | Noticed Menkaure
  4617 | D:6      | HP: 1/35 [Menkaure (13)]
  4619 | D:6      | Killed Menkaure
  4766 | D:6      | Found an ornate altar of the Wu Jian Council.
  5305 | D:6      | Reached skill level 5 in Evocations
  5547 | D:7      | Found Ytzao's General Store.
  5576 | D:7      | Identified the +4 short sword of the Endless March {freeze,
                  | *Corrode rElec rN+}
  5647 | D:7      | Found Qemmimom's Antique Weapon Emporium.
  5689 | D:7      | Reached skill level 6 in Spellcasting
  5884 | D:7      | Found Hagaag's Antique Weapon Shop.
  6698 | D:7      | Found a hide-covered altar of Uskayaw.
  6758 | D:8      | Noticed a yak
  6758 | D:8      | Noticed a yak
  6758 | D:8      | Noticed a yak
  6758 | D:8      | Noticed a yak
  6926 | D:8      | Reached skill level 5 in Conjurations
  6926 | D:8      | Reached XP level 9. HP: 44/44 MP: 16/20
  6963 | D:7      | Reached skill level 7 in Spellcasting
  7407 | D:8      | Offered knowledge of Searing Ray by Vehumet.
  7463 | D:8      | Noticed a two-headed ogre
  7479 | D:8      | Mangled by a two-headed ogre

Illustrated notes

Levels and vault maps discovered:
D:1:      minmay_arrival_plants_in_alcoves, layout_loops_ring,
          minmay_pentomino_t4
D:2:      layout_basic, hellmonk_ecumenical_altar_pennies_from_heaven,
          uniq_natasha
D:3:      layout_basic, grunt_dithmenos_smoke_and_mirrors, zin_academy,
          mainiacjoe_overflow_small_starburst, serial_co_window_serial,
          co_window_of_opportunity_a, co_window_paths_a, co_window_paths_a,
          co_window_of_opportunity_a, co_window_paths_a, co_window_corner_b,
          co_window_corner_b, co_window_paths_c, co_window_broadway_c,
          glass_columns_b, glass_columns_b, glass_columns_a
D:4:      layout_loops_ring, dk_yredelemnul_ordeal, minmay_temple_entry_slanted
D:5:      layout_basic, fedhas_bush_and_centaur_altar, kennysheep_small_circle
D:6:      layout_basic, kennysheep_little_box, gammafunk_ghost_arena,
          minmay_increasing_density, uniq_menkaure
D:7:      layout_basic, kennysheep_mini_moat, serial_shops, shop, shop,
          nicolae_shop_dealshenge, david_defended_altar_orc
D:8:      layout_rooms, erik_lair_island, enter_bailey_5, uniq_maurice
Temple:   hellmonk_temple_two_chambers

Skill      XL: |  1  2  3  4  5  6  7  8  9 |
---------------+----------------------------+-----
Fighting       | 3 4 |  4.0
Short Blades   | 2 3 |  3.0
Spellcasting   | 1 3 4 5 6 7 |  7.0
Conjurations   | 2 5 6 |  6.1
Necromancy     | 2 |  2.0
Evocations     | 1 2 4 5 |  5.0
Dodging        | |  1.5
Stealth        | |  6.0

Action                     |  1- 3 |  4- 6 |  7- 9 || total
---------------------------+-------+-------+-------++-------
  Melee: Short sword       |    71 |   107 |   144 ||   322
         Bite              |    22 |    30 |    47 ||    99
         Punch             |     1 |     1 |     1 ||     3
   Cast: Kiss of Death     |       |    11 |    12 ||    23
         Magic Dart        |       |       |   146 ||   146
  Evoke: Wand              |     2 |       |    11 ||    13
    Use: Scroll            |     1 |     1 |    11 ||    13
   Stab: Sleeping          |     9 |    18 |     1 ||    28
         Distracted        |       |       |     1 ||     1
 Armour: Leather armour    |    20 |    18 |    70 ||   108
  Dodge: Dodged            |    35 |    46 |   106 ||   187

Table legend: (Time is in decaauts)
 A = Elapsed time spent in this place.
 B = Non-inter-level travel time spent in this place.
 C = Inter-level travel time spent in this place.
 D = Time resting spent in this place.
 E = Time spent auto-exploring this place.
 F = Levels seen in this place.
 G = Mean time per level.
                   A        B        C        D        E       F      G
               +--------+--------+--------+--------+--------+-----+--------+
         Total |   7437 |   7133 |    304 |   1853 |   3827 |   9 |  826.3 |
       Dungeon |   7425 |   7126 |    299 |   1853 |   3827 |   8 |  928.1 |
        Temple |     12 |      7 |      5 |      0 |      0 |   1 |   12.0 |
               +--------+--------+--------+--------+--------+-----+--------+

Top non-repeatable levels by time:
     D:7: 1602 daAuts
     D:6: 1183 daAuts
     D:3: 1062 daAuts
     D:4: 908 daAuts
     D:5: 895 daAuts
     D:2: 748 daAuts
     D:1: 699 daAuts
     D:8: 323 daAuts
  Temple: 12 daAuts
